[Event "Lliga Catalana 2024"]
[Site "Catalonia"]
[Date "2024.02.10"]
[Round "4.4"]
[White "Tallo Dominguez, Imar"]
[Black "Benedetti, Julio"]
[Result "1-0"]
[ECO "B30"]
[WhiteElo "2311"]
[BlackElo "2252"]
[Annotator "TA"]
[PlyCount "53"]
[EventDate "2024.01.18"]
[EventType "team-tourn"]
[EventCountry "ESP"]
[SourceTitle "playchess.com"]
[Source "ChessBase"]
[SourceQuality "1"]
[TimeControl "5400+30"]

1. e4 c5 2. Nf3 Nc6 3. Bb5 e6 4. Bxc6 bxc6 5. O-O Qc7 6. Re1 Be7 7. d4 cxd4 (7... d5 {looks sharper.} 8. dxc5 Nf6 9. Nc3 Bxc5 10. exd5 cxd5 11. Nxd5 Nxd5 12. Qxd5 Bb7) 8. Qxd4 {[%emt 0:00:09] White is slightly better.} f6 9. c4 Qb6 10. Qd3 a5 11. Nc3 a4 12. Be3 Qb4 13. a3 Qa5 14. Red1 {[%emt 0:00:00] White has more active pieces. The black rooks are passive.} Nh6 15. Bxh6 gxh6 {[%emt 0:00:00] [#]} 16. e5 $1 O-O 17. Qe3 Kg7 (17... f5 $16) 18. Ne4 f5 19. Nd6 {[%emt 0:00:00] Nxc8 is the strong threat. A dynamic duo of knights.} Ba6 20. Rd4 Rab8 21. g4 $2 (21. Rd2 $16) 21... Rb3 $15 (21... c5 $2 22. Rf4 Rb3 23. Qe2 fxg4 24. Rxg4+ Kh8 25. Rg3 $17) 22. Qe2 Qb6 (22... Kh8 $15 23. gxf5 Rxf3 (23... Bxd6 24. Rxd6 Bxc4 25. Qxc4 $19) 24. Qxf3 Qxe5) 23. gxf5 $11 exf5 {[%emt 0:00:00][%mdl 8192] [#]} (23... Kh8 $1 $11 {and Black is okay.} 24. f6 Bxd6 25. Rxd6 Bxc4 26. Qxc4 Rg8+ 27. Kh1 Qxf2) 24. Rad1 $2 ({Only move:} 24. e6 $1 $18 dxe6 (24... Rxb2 $2 {perishes.} 25. Qe5+ Bf6 26. Qg3+ Kh8 27. Ne5 $18) (24... Rxf3 $2 25. exd7 Bd8 26. Rad1 $18) 25. Qxe6 Rxf3 (25... Bxd6 $2 26. Rxd6 Bc8 27. Qxh6+ Kg8 28. Ng5 $18) 26. Qxe7+ Kg6 27. Rad1) 24... Rxb2 25. Qe3 {[%emt 0:00:00] And now e6 would win.} Bxd6 $2 (25... Rb1 $11 {and Black has nothing to worry.}) 26. exd6 $18 {[%emt 0:00:00] Nh4 would now be deadly.} Qd8 (26... c5 27. Rh4 Kg8) 27. Qc3 {[%emt 0:07:30] Weighted Error Value: White=0.49/Black=0.80.  Loses game:     	---       	Black=2      Missed win:     	White=1     	---        Mistake:       	White=1     	Black=3      Inaccurate:     	---       	Black=3      OK:         	White=7     	Black=6      Best:        	White=3     	---} ({Weaker is} 27. Ne5 c5 $18) 1-0

[Event "Lliga Catalana 2024"]
[Site "Catalonia"]
[Date "2024.02.10"]
[Round "4.5"]
[White "Boix Moreno, Daniel"]
[Black "Ramirez Garcia, Jorge Alberto"]
[Result "0-1"]
[ECO "C65"]
[WhiteElo "2253"]
[BlackElo "2249"]
[Annotator "NA RC"]
[PlyCount "88"]
[EventDate "2024.01.18"]
[EventType "team-tourn"]
[EventCountry "ESP"]
[SourceTitle "playchess.com"]
[Source "ChessBase"]
[SourceQuality "1"]
[TimeControl "5400+30"]

1. e4 e5 2. Nf3 Nc6 3. Bb5 Nf6 4. d3 Bc5 5. c3 O-O 6. Qe2 d5 7. Bg5 dxe4 8. dxe4 h6 9. Bh4 Qd6 10. Nbd2 Nh5 11. Bg3 Nxg3 12. hxg3 Re8 13. Nc4 Qf6 14. Ne3 Be6 15. O-O Rad8 16. Rfd1 Bxe3 17. Qxe3 Bg4 18. Rxd8 Rxd8 19. Bxc6 Qxc6 20. Nxe5 Qe6 21. Nf3 b6 22. Nd4 Qd7 23. b4 Qa4 24. Qf4 c5 25. bxc5 bxc5 26. Nb3 Rd1+ 27. Rxd1 Bxd1 28. Qb8+ Kh7 29. Nxc5 Qxa2 30. Nd7 a5 31. f4 Bc2 32. Nf8+ Kg8 33. Ne6+ Kh7 34. Nf8+ Kg8 35. Ng6+ Kh7 36. Qh8+ Kxg6 37. f5+ Kh5 38. Qxg7 Bxe4 39. g4+ Kh4 40. Qxh6+ Kxg4 41. Qh3+ Kg5 42. Qe3+ Kxf5 43. g4+ Ke5 44. Qg5+ Ke6 0-1

[Event "Lliga Catalana 2024"]
[Site "Catalonia"]
[Date "2024.02.10"]
[Round "4.6"]
[White "Pinero Fernandez, Xavier"]
[Black "Leiro Giralt, Daniel"]
[Result "0-1"]
[ECO "D37"]
[WhiteElo "2266"]
[BlackElo "2152"]
[Annotator "RC"]
[PlyCount "96"]
[EventDate "2024.01.18"]
[EventType "team-tourn"]
[EventCountry "ESP"]
[SourceTitle "playchess.com"]
[Source "ChessBase"]
[SourceQuality "1"]
[TimeControl "5400+30"]

1. d4 d5 2. c4 e6 3. Nc3 h6 4. Nf3 Nf6 5. g3 Bd6 6. c5 Be7 7. b4 b6 8. Bf4 O-O 9. a3 Bd7 10. Bg2 a5 11. cxb6 cxb6 12. b5 Qc8 13. Qb3 a4 14. Qb2 Ra5 15. Ne5 Ne4 16. Bxe4 dxe4 17. O-O Rd8 18. Rac1 Qb7 19. Rfd1 Be8 20. Nc4 Ra7 21. Bxb8 Rxb8 22. d5 exd5 23. Nxd5 Bc5 24. Nce3 Ra5 25. Nf5 f6 26. Rxc5 bxc5 27. b6 c4 28. Nd6 Rxd5 29. Nxb7 Rxd1+ 30. Kg2 Rxb7 31. Qb4 Rd8 32. Qxc4+ Kh8 33. Qxe4 Rxb6 34. Qe7 Rbd6 35. e4 Bc6 36. Kh3 Rd3 37. f3 Bd7+ 38. Kh4 Bc6 39. Qc7 Be8 40. f4 Kh7 41. Qc5 R8d4 42. e5 fxe5 43. Qxe5 Bg6 44. Kh3 Rd5 45. Qe7 Rh5+ 46. Kg2 Rd2+ 47. Kg1 Rhxh2 48. Qe5 Rhe2 0-1

[Event "Lliga Catalana 2024"]
[Site "Catalonia"]
[Date "2024.02.10"]
[Round "4.7"]
[White "Moreno Martin-Viveros, Alvaro"]
[Black "Hernando Rodrigo, Julio Antonio"]
[Result "1/2-1/2"]
[ECO "C01"]
[WhiteElo "2159"]
[BlackElo "2207"]
[Annotator "NA RC"]
[PlyCount "63"]
[EventDate "2024.01.18"]
[EventType "team-tourn"]
[EventCountry "ESP"]
[SourceTitle "playchess.com"]
[Source "ChessBase"]
[SourceQuality "1"]
[TimeControl "5400+30"]

1. e4 e6 2. d4 d5 3. exd5 exd5 4. c4 Nf6 5. Nc3 Bb4 6. Bd3 O-O 7. Nge2 dxc4 8. Bxc4 Nc6 9. O-O Bf5 10. a3 Bd6 11. Nb5 h6 12. Nxd6 cxd6 13. d5 Ne5 14. Ba2 Re8 15. Ng3 Bd3 16. Re1 Bh7 17. Bd2 Nfg4 18. Be3 Qh4 19. h3 Nxe3 20. Rxe3 f5 21. Qh5 Qf6 22. f4 Nf7 23. Re6 Qxb2 24. Rae1 Rf8 25. Bb1 Qd4+ 26. Kh2 Qxf4 27. Bxf5 Ne5 28. Re4 Qf2 29. Re2 Qf4 30. Re4 Qf2 31. Re2 Qf4 32. Re4 1/2-1/2

[Event "Lliga Catalana 2024"]
[Site "Catalonia"]
[Date "2024.02.10"]
[Round "4.8"]
[White "Ayza Leon, David"]
[Black "Cespedes Llaverias, Llibert"]
[Result "1-0"]
[ECO "B38"]
[WhiteElo "2224"]
[BlackElo "2050"]
[Annotator "NA RC"]
[PlyCount "59"]
[EventDate "2024.01.18"]
[EventType "team-tourn"]
[EventCountry "ESP"]
[SourceTitle "playchess.com"]
[Source "ChessBase"]
[SourceQuality "1"]
[TimeControl "5400+30"]

1. e4 c5 2. Nf3 Nc6 3. d4 cxd4 4. Nxd4 g6 5. c4 Bg7 6. Be3 Nf6 7. Nc3 d6 8. Be2 O-O 9. O-O Nxd4 10. Bxd4 Bd7 11. h3 Bc6 12. Qc2 a5 13. Rad1 Nd7 14. Bxg7 Kxg7 15. Bg4 Nc5 16. e5 h5 17. Be2 Ne6 18. Qc1 a4 19. Qe3 Ra5 20. f4 Qc7 21. exd6 exd6 22. f5 Re5 23. Qg3 Qb6+ 24. Kh2 h4 25. Qxh4 Rh8 26. Qg4 Rh5 27. fxe6 fxe6 28. Qd4 Qxb2 29. Rd2 Rhg5 30. Bf3 1-0

[Event "Lliga Catalana 2024"]
[Site "Catalonia"]
[Date "2024.02.10"]
[Round "4.9"]
[White "Fernandez Goyanes, Francesc X"]
[Black "Moreno Sanchis, Jordi-Alex"]
[Result "0-1"]
[ECO "D00"]
[WhiteElo "2048"]
[BlackElo "2216"]
[Annotator "NA RC"]
[PlyCount "76"]
[EventDate "2024.01.18"]
[EventType "team-tourn"]
[EventCountry "ESP"]
[SourceTitle "playchess.com"]
[Source "ChessBase"]
[SourceQuality "1"]
[TimeControl "5400+30"]

1. d4 Nf6 2. Nc3 d5 3. Bf4 Bf5 4. f3 e6 5. g4 Bg6 6. h4 h6 7. e3 Bd6 8. Nge2 Nbd7 9. Bxd6 cxd6 10. Nf4 Bh7 11. Bd3 Qb6 12. Rb1 O-O-O 13. Bxh7 Rxh7 14. Qd3 Rhh8 15. h5 Qc6 16. Kf2 Rhe8 17. Qb5 Qc7 18. Nce2 Nb6 19. b3 e5 20. Ng2 e4 21. c4 Qe7 22. Ng3 exf3 23. Kxf3 Qe6 24. Rh4 Ne4 25. Rbh1 Qf6+ 26. Nf5 g6 27. hxg6 fxg6 28. Rxh6 Qf7 29. Rh7 Ng5+ 30. Kg3 Nxh7 31. Rxh7 Qxh7 32. Nxd6+ Rxd6 33. Qxe8+ Rd8 34. Qe6+ Qd7 35. Qxd7+ Kxd7 36. c5 Nc8 37. Nf4 Ne7 38. Nd3 Ke6 0-1

[Event "Lliga Catalana 2024"]
[Site "Catalonia"]
[Date "2024.02.10"]
[Round "4.10"]
[White "Garzon Sanchez, Jose Manuel"]
[Black "Romeu Viladot, Emili"]
[Result "1-0"]
[ECO "E06"]
[WhiteElo "2174"]
[BlackElo "1941"]
[Annotator "NA RC"]
[PlyCount "170"]
[EventDate "2024.01.18"]
[EventType "team-tourn"]
[EventCountry "ESP"]
[SourceTitle "playchess.com"]
[Source "ChessBase"]
[SourceQuality "1"]
[TimeControl "5400+30"]

1. d4 Nf6 2. Nf3 e6 3. g3 d5 4. Bg2 Be7 5. O-O O-O 6. c4 c6 7. Nbd2 Ne4 8. Nxe4 dxe4 9. Ne1 f5 10. f3 e5 11. e3 exf3 12. Bxf3 Bf6 13. dxe5 Bxe5 14. Nd3 Bf6 15. Nf4 Qb6 16. Rb1 Nd7 17. b4 Ne5 18. Be2 g5 19. c5 Qc7 20. Qb3+ Qf7 21. Nh5 Bh8 22. Qxf7+ Rxf7 23. Bb2 Be6 24. a3 Rd8 25. Rbd1 Rfd7 26. Rxd7 Rxd7 27. Bd4 Rf7 28. Rd1 Bd5 29. Rf1 Nc4 30. Bxh8 Kxh8 31. Bxc4 Bxc4 32. Rd1 Bd5 33. g4 Rf8 34. Rf1 Be6 35. gxf5 Rxf5 36. Rxf5 Bxf5 37. Kf2 Bg6 38. Ng3 Kg7 39. Kf3 h5 40. Nf1 Kf6 41. Nd2 Bd3 42. e4 h4 43. Ke3 Ba6 44. Nf3 b6 45. Nd4 Bb7 46. Nf5 Ke5 47. Nd6 Ba6 48. Nf7+ Kf6 49. Nd6 bxc5 50. bxc5 Bf1 51. a4 Bh3 52. Nc4 Be6 53. Na5 Bd7 54. Nb3 Ke5 55. Nd2 Be6 56. Nf3+ Kf6 57. Kd4 Bb3 58. a5 Bd1 59. Ne5 g4 60. Nd3 Kg5 61. Ke3 h3 62. Nf2 Bf3 63. Nxh3+ Kf6 64. Kf4 Bxe4 65. Nf2 Bb1 66. Nxg4+ Ke6 67. Ne3 Bd3 68. h4 Be2 69. Ke4 a6 70. Nc2 Bf1 71. Nb4 Bb5 72. h5 Kf6 73. h6 Kg6 74. Ke5 Kxh6 75. Kd6 Kg6 76. Nxc6 Kf7 77. Kc7 Ke8 78. Kb6 Kd7 79. Nb8+ Kc8 80. Nxa6 Be2 81. Nc7 Bf3 82. c6 Kb8 83. a6 Bxc6 84. a7+ Kc8 85. Kxc6 Kd8 1-0

[Event "Lliga Catalana 2024"]
[Site "Catalonia"]
[Date "2024.02.17"]
[Round "5.2"]
[White "Sarana, Alexey"]
[Black "Alsina Leal, Daniel"]
[Result "1-0"]
[ECO "D35"]
[WhiteElo "2695"]
[BlackElo "2495"]
[Annotator "TA"]
[PlyCount "119"]
[EventDate "2024.01.18"]
[EventType "team-tourn"]
[EventCountry "ESP"]
[SourceTitle "playchess.com"]
[Source "ChessBase"]
[SourceQuality "1"]
[TimeControl "5400+30"]

1. d4 d5 2. c4 e6 3. Nc3 Nf6 4. cxd5 exd5 5. Bg5 c6 6. e3 h6 7. Bh4 Bf5 8. Qf3 Bg6 9. Bxf6 Qxf6 10. Qxf6 {[%emt 0:00:11] White has an edge.} gxf6 11. Nf3 Nd7 12. Kd2 Nb6 13. b3 Nc8 14. Bd3 Nd6 15. Nh4 f5 16. Ne2 Be7 17. Nf3 ({Better is} 17. g3 $14) 17... Ne4+ 18. Ke1 O-O 19. Nf4 Rfe8 20. g3 Rad8 21. Nh4 Bxh4 {[%emt 0:05:59] Black is now going downhill.} (21... Kg7 $14) 22. gxh4 $16 Kh8 23. Rc1 Rd6 24. Rg1 Rg8 25. b4 a6 26. a4 Nf6 27. Be2 {[%emt 0:00:00] White has more active pieces.} Bh7 28. Rg3 ({White should try} 28. Rxg8+ $18 Kxg8 29. h5) 28... Ne4 (28... Ra8 $16 {might work better.} 29. Kd1 Rdd8) 29. Rxg8+ $18 Kxg8 30. b5 axb5 31. axb5 Kf8 32. Ra1 Ke7 33. f3 Nf6 34. Ra7 cxb5 35. Rxb7+ Rd7 36. Rxb5 Kd6 (36... Ra7 {is a better defense.} 37. Nxd5+ Nxd5) 37. Bd1 (37. Rb6+ Ke7 38. h5 Ra7) 37... Ra7 38. Bb3 {[%emt 0:00:00] Prevents Ra2.} Ra1+ 39. Kf2 Rb1 40. Rb6+ (40. Nxd5 Rxb3 41. Rxb3 Nxd5 $16) 40... Ke7 41. Rb7+ (41. Nxd5+ Nxd5 42. Rb7+ Nc7 $18) 41... Kf8 42. Bxd5 Rxb7 43. Bxb7 {[%emt 0:00:00][%mdl 4096] Endgame. KBN-KBN} Ke7 44. Ba6 Bg6 45. Bd3 Bh7 46. h5 Kd6 47. Ke2 Nd5 (47... Kd7 $142 48. Bb5+ Kd6) 48. Nxd5 Kxd5 {[%emt 0:00:06] KB-KB} 49. Kd2 {[%emt 0:00:00] [#] Black must now prevent Kc3.} f6 50. Kc3 Kd6 51. f4 (51. Kb4 $142 Kc6 52. Bb5+ Kd6 53. Bc4) 51... Ke6 52. Bc4+ {[%emt 0:00:00] White mates.} Ke7 53. Kb4 Kd6 54. Bf7 Kc6 55. Bg6 Bg8 56. Bxf5 Ba2 57. Bg6 Kd6 58. e4 Bg8 59. d5 f5 60. Bxf5 {[%emt 0:00:00] Weighted Error Value: White=0.08 (flawless) /Black=0.42.  Mistake:       	White=2     	Black=4      Inaccurate:     	---       	Black=2      OK:         	White=21    	Black=11     Best:        	White=3     	Black=2} 1-0

[Event "Lliga Catalana 2024"]
[Site "Catalonia"]
[Date "2024.02.17"]
[Round "5.2"]
[White "Zhukov, Dmitry"]
[Black "Pomes Marcet, Joan"]
[Result "0-1"]
[ECO "C19"]
[WhiteElo "2308"]
[BlackElo "2236"]
[Annotator "TA"]
[PlyCount "122"]
[EventDate "2024.01.18"]
[EventType "team-tourn"]
[EventCountry "ESP"]
[SourceTitle "playchess.com"]
[Source "ChessBase"]
[SourceQuality "1"]
[TimeControl "5400+30"]

1. e4 e6 2. d4 d5 3. Nc3 Bb4 4. e5 c5 5. a3 Bxc3+ 6. bxc3 Qa5 7. Bd2 Qa4 8. Nf3 c4 9. g3 Nc6 10. Bh3 Nge7 11. O-O Bd7 12. Nh4 O-O-O 13. f4 g6 14. Nf3 h6 15. Bg2 Kb8 16. h4 Nc8 17. Qc1 a6 (17... N6e7 $142) 18. Qb2 N8a7 19. Rfb1 Bc8 20. Kh2 (20. Qb6 {looks sharper.} Rd7 21. Ra2 Rc7 22. Qb2) 20... Ka8 21. Qc1 (21. Qb6 $14) 21... h5 22. Rb2 Rd7 23. Kg1 (23. Ng5 $14) 23... Rc7 $11 24. Kf2 Rd7 (24... Ne7 $11) 25. Qb1 Rc7 26. Kg1 Rd7 27. Ng5 Rc7 28. f5 gxf5 29. Nh3 Nb5 30. Rb4 Qa5 $1 (30... Nxb4 $2 31. axb4 Na3 32. Qc1 $18) 31. a4 $1 Nba7 32. Nf4 (32. Bf3 $5) 32... Nxb4 33. cxb4 Qb6 34. c3 Nc6 35. Qe1 Rd7 36. Kh2 Ne7 37. Bf3 Ng6 (37... Rdd8 $11 {remains equal.}) 38. Nxh5 $16 f4 (38... a5 $16) 39. Nxf4 (39. gxf4 Qd8 40. Kh3 f6 $17) ({White should play} 39. Bxf4 $18 Nxf4 40. Nxf4) 39... Nxf4 40. Bxf4 Rdd8 $2 (40... Qd8 $16 41. Qe3 f5) 41. h5 (41. Qe3 $18 {and White stays clearly on top.}) 41... Rdg8 $16 42. Qe3 Qd8 43. Kg2 Bd7 {[%emt 0:00:22] [#]} 44. Kf2 $1 Qe8 45. b5 Ka7 {[%emt 0:01:25] [#]} 46. g4 (46. Bg5 $1 $18) 46... Qe7 $16 47. g5 (47. Qd2 $16) 47... axb5 $1 $14 48. axb5+ Kb6 49. h6 Bxb5 50. Qd2 (50. Qc1 {is more complex.} Ra8 51. Qb2 Ra6 52. Rb1) 50... Ra8 51. Rxa8 (51. Qb2 {with more complications.} Ra6 52. Rb1 Ra5 53. Kg3) 51... Rxa8 52. Bh5 (52. Qb2 {keeps more tension.} Kc6 53. Kg3 Rg8 54. Kh4) 52... Rg8 53. Bd1 ({White should try} 53. Kg3 $14) 53... Be8 ({Much weaker is} 53... Rh8 $6 54. Qb2 $16) (53... Qa3 $11) 54. Bc2 (54. Qb2+ $16 Kc6 55. Bc2) 54... Qa3 $11 55. g6 (55. Bb1 $11 {keeps the balance.}) 55... fxg6 $17 56. Bg5 ({Wrong is} 56. h7 $2 Rh8 57. Bd1 Rxh7 $19) 56... Rh8 57. Bd8+ (57. Bd1 $17 {keeps fighting.}) 57... Ka7 58. Bf6 $2 (58. Kg2) 58... Qf8 $19 59. Bd1 Qxh6 (59... Rxh6 60. Qa2+ Kb8 61. Qa5 $19) 60. Qa2+ (60. Qxh6 $142 Rxh6 61. Kg2) 60... Kb8 $19 61. Bxh8 Qh2+ ({Less strong is} 61... Qxh8 62. Qa3 $17) 0-1

[Event "Lliga Catalana 2024"]
[Site "Catalonia"]
[Date "2024.02.17"]
[Round "5.3"]
[White "Pereira, Ruben"]
[Black "Chigaev, Maksim"]
[Result "1/2-1/2"]
[ECO "C47"]
[WhiteElo "2444"]
[BlackElo "2622"]
[Annotator "TA"]
[PlyCount "113"]
[EventDate "2024.01.18"]
[EventType "team-tourn"]
[EventCountry "ESP"]
[SourceTitle "playchess.com"]
[Source "ChessBase"]
[SourceQuality "1"]
[TimeControl "5400+30"]

1. e4 e5 2. Nf3 Nc6 3. Nc3 Nf6 4. h3 Bb4 5. Nd5 Be7 6. d3 {[%emt 0:02:29] C47: Scotch Four Knights and Four Knights with 4 g3.} O-O 7. c3 d6 8. Be2 $146 ({Predecessor:} 8. Nxe7+ Nxe7 9. g3 Ng6 10. Bg2 d5 11. exd5 Qxd5 12. O-O Bf5 13. Re1 Qxd3 14. Qxd3 Bxd3 15. Nxe5 Nxe5 16. Rxe5 {½-½ Shimanov,A (2616)-Vidit,S (2659) Wch Rapid Almaty 2022 (4)}) 8... Nxd5 9. exd5 Nb8 10. O-O Nd7 11. d4 e4 12. Nh2 Nf6 13. f3 c6 14. dxc6 bxc6 15. Bg5 Rb8 16. Qd2 d5 17. Bf4 Bd6 18. b3 h6 19. Ng4 Bxg4 20. fxg4 Bxf4 21. Qxf4 a5 22. Rf2 Nh7 23. Raf1 Qe7 24. Qe3 (24. Qg3 $1 $11) 24... Rbc8 ({Black should play} 24... Ng5 $15) 25. c4 $11 Rcd8 26. Rf5 Qa3 27. Qd2 g6 28. R5f2 Kg7 29. h4 a4 30. Qa5 Rde8 $2 (30... Qxa2 31. Qa7 Kg8 (31... axb3 32. Rxf7+ Rxf7 33. Rxf7+ Kg8 34. Rg7+ Kh8 35. Rxh7+ Kg8 36. Qg7#) 32. Rxf7 Rxf7 33. Rxf7 (33. Qxf7+ Kh8 $18) 33... Qa1+ 34. Kh2 $18) (30... Rd7 $11 {and Black is okay.}) 31. cxd5 $18 (31. Qxa4 Qxa4 32. bxa4 Re7 $16) 31... e3 32. Rf3 cxd5 (32... Qxa2 $2 33. Qc7 Kh8 34. Rxf7 Rxf7 35. Rxf7 (35. Qxf7 Rf8 $11) 35... Qa1+ 36. Kh2 $18) 33. Qxd5 ({Not} 33. Qxa4 Qe7 $14) 33... f6 34. bxa4 Qxa4 35. Bb5 Qa5 36. Qb7+ $2 (36. Qd7+ $18 Kg8 37. Bd3 (37. Qxe8 $2 {too greedy.} Rxe8 38. Bxe8 e2 $19)) 36... Rf7 $16 37. Qa6 $1 ({Of course not} 37. Qc6 Ree7 38. Qa6 Qd2 $11) 37... Qxa6 38. Bxa6 Re4 39. Rf4 $1 Rfe7 {[%emt 0:03:10] [#]} 40. Be2 (40. Rxe4 $1 $16 Rxe4 41. Re1) 40... Rxf4 $14 41. Rxf4 g5 42. hxg5 fxg5 {[%emt 0:01:57] [#]} 43. Rf5 ({White should try} 43. Rf1 $1 $16) 43... Nf6 $11 44. Re5 Ra7 45. Rxe3 Rxa2 46. Re7+ Kf8 47. Re6 Kg7 48. Bf3 Rd2 49. d5 Kf7 50. Ra6 Rd4 51. Ra7+ Kf8 52. Ra6 Nxg4 53. Bxg4 Rxg4 54. Rxh6 Rd4 55. Rd6 Ke7 56. Re6+ Kf7 57. Rd6 1/2-1/2

[Event "Lliga Catalana 2024"]
[Site "Catalonia"]
[Date "2024.02.17"]
[Round "5.3"]
[White "Duran Albareda, Xavier"]
[Black "Benedetti, Julio"]
[Result "0-1"]
[ECO "D00"]
[WhiteElo "2283"]
[BlackElo "2252"]
[Annotator "TA"]
[PlyCount "56"]
[EventDate "2024.01.18"]
[EventType "team-tourn"]
[EventCountry "ESP"]
[SourceTitle "playchess.com"]
[Source "ChessBase"]
[SourceQuality "1"]
[TimeControl "5400+30"]

1. d4 d5 2. Nc3 Bf5 3. Bf4 e6 4. e3 Bd6 5. Bg3 Nf6 6. Bd3 $1 O-O 7. Bxf5 exf5 8. Nge2 {[%emt 0:00:08] The position is equal.} a5 9. Bh4 c6 10. Qd3 g6 11. g4 fxg4 12. h3 gxh3 13. e4 dxe4 14. Nxe4 Be7 15. Bxf6 Bxf6 16. Qxh3 h5 {[%emt 0:00:42] And now ...Re8 would win.} 17. O-O-O {[%emt 0:00:25] Nf4 is the strong threat.} Bg7 18. Rdg1 {[%emt 0:03:47] [#]} (18. N2g3 $11 Re8 19. Nxh5 gxh5 (19... Rxe4 20. Nxg7 Kxg7 21. f3 $16) 20. Qxh5 Rxe4 21. Rdg1 (21. Qh7+ Kf8 $15)) 18... Re8 (18... Bxd4 19. Qxh5 Re8 20. Nxd4 Kf8 21. Rxg6 (21. Qh8+ Ke7 $18) 21... Qxd4 22. Rf6 Ke7 23. Rxf7+ (23. Qxf7+ Kd8 24. Rd6+ Qxd6 25. Nxd6 Re7 26. Nxb7+ Kd7 27. Rd1+ Kc7 28. Qxe7+ Kb6) 23... Kd8 24. Rd1) (18... a4 $1 $17 {[%cal Of8e8] Threatens to win with ...Re8!} 19. Qf3 Re8 (19... Bxd4 $2 20. Nxd4 h4 21. Ne6 $18) 20. Rxh5 Qe7 (20... gxh5 $2 21. Qg2 $18) (20... Rxe4 21. Qxe4 gxh5 22. Qe5 $11)) 19. f3 {[%emt 0:02:04] White does not recover from this.} ({White must play} 19. N2g3 $1 $15 Qxd4 20. c3 Bh6+ 21. Kb1) 19... Nd7 $36 {[%emt 0:03:42][%mdl 2048] Black has strong initiative.} (19... Bxd4 20. Nxd4 Qxd4 21. Qxh5 $18) 20. c3 {[%emt 0:04:53] Hoping for Nf4.} Nf6 21. N2g3 Kf8 22. Qg2 Qd5 23. Kb1 {[%emt 0:00:38] [#]} b5 $1 24. Rh4 (24. Nxf6 $142 Bxf6 25. Ne4) 24... b4 25. Rf4 {[%emt 0:00:13] [#]} bxc3 $1 26. Rxf6 ({Much weaker is} 26. Nxf6 Bxf6 27. bxc3 (27. Rxf6 $2 {too greedy.} Reb8 $19) 27... Rab8+ 28. Ka1 Qc4 $19) (26. Nxc3 Qc4) 26... Qxd4 (26... Bxf6 $142 27. Nxf6 Qxd4 28. Nxe8 Rb8 (28... Rxe8 $2 29. Rc1 $19)) 27. bxc3 (27. Rxc6 h4 (27... cxb2 $2 28. Rd6 $19) 28. Rxc3 hxg3 29. Qxg3) 27... Rab8+ 28. Kc1 Qd3 {[%emt 0:02:21] Weighted Error Value: White=0.76/Black=0.20 (precise) .  Mistake:       	White=4     	Black=2      Inaccurate:     	White=2     	Black=1      OK:         	White=4     	Black=10     Best:        	White=1     	Black=4} 0-1

[Event "Lliga Catalana 2024"]
[Site "Catalonia"]
[Date "2024.02.17"]
[Round "5.4"]
[White "Khamrakulov, Ibragim S."]
[Black "Lorenzo De La Riva, Lazaro"]
[Result "1/2-1/2"]
[ECO "C07"]
[WhiteElo "2408"]
[BlackElo "2419"]
[Annotator "RC"]
[PlyCount "169"]
[EventDate "2024.01.18"]
[EventType "team-tourn"]
[EventCountry "ESP"]
[SourceTitle "playchess.com"]
[Source "ChessBase"]
[SourceQuality "1"]
[TimeControl "5400+30"]

1. e4 e6 2. d4 a6 3. Nf3 d5 4. Nbd2 Nf6 5. Bd3 c5 6. exd5 Nxd5 7. dxc5 Bxc5 8. Ne4 Be7 9. O-O Nc6 10. c4 Ndb4 11. Bb1 f5 12. Qxd8+ Nxd8 13. Nc3 Nbc6 14. Na4 b5 15. cxb5 axb5 16. Nb6 Rb8 17. Nxc8 Rxc8 18. Bd3 Rb8 19. Bf4 Rb7 20. a3 Bf6 21. Rab1 e5 22. Rfe1 Re7 23. Be3 e4 24. Bc5 exd3 25. Bxe7 Nxe7 26. Rbd1 Ndc6 27. Rxd3 Kf7 28. b4 Ra8 29. h4 h6 30. Re2 g5 31. hxg5 hxg5 32. Rd6 g4 33. Ree6 Ng8 34. Rxc6 gxf3 35. Ra6 Rd8 36. Red6 Re8 37. Rd7+ Ne7 38. gxf3 Rc8 39. Kg2 Rc2 40. f4 Bh4 41. Kh3 Bxf2 42. Rh6 Re2 43. Rh7+ Ke8 44. Rb7 Bd4 45. Rxb5 Re3+ 46. Kg2 Re2+ 47. Kf1 Re4 48. a4 Rxf4+ 49. Ke2 Re4+ 50. Kd3 Bf6 51. Rb6 Rd4+ 52. Kc2 Rc4+ 53. Kd1 Bg5 54. a5 Kd7 55. a6 Rc1+ 56. Ke2 Ra1 57. b5 Ra2+ 58. Kd3 Ra3+ 59. Kc4 f4 60. Rg6 Bh4 61. Rg4 Bf2 62. Rgg7 Ra4+ 63. Kb3 Re4 64. Rg6 Bc5 65. b6 Rb4+ 66. Kc3 f3 67. Rf6 f2 68. Rxf2 Rxb6 69. Ra2 Rb8 70. Kc4 Rc8 71. Rd2+ Bd6+ 72. Kb5 Rb8+ 73. Ka5 Ra8 74. Rd3 Kc6 75. Rh6 Nc8 76. Rc3+ Kd7 77. Rh7+ Be7 78. Rd3+ Kc6 79. Rh8 Bd6 80. Rc3+ Kd7 81. Rh7+ Be7 82. Rd3+ Kc6 83. Rc3+ Kd7 84. Rd3+ Kc6 85. Rc3+ 1/2-1/2

[Event "Lliga Catalana 2024"]
[Site "Catalonia"]
[Date "2024.02.17"]
[Round "5.4"]
[White "Alfaro Rojas, Alfonso Jose"]
[Black "Ubach Miralda, Marcelo"]
[Result "1/2-1/2"]
[ECO "A11"]
[WhiteElo "2301"]
[BlackElo "2230"]
[Annotator "TA"]
[PlyCount "82"]
[EventDate "2024.01.18"]
[EventType "team-tourn"]
[EventCountry "ESP"]
[SourceTitle "playchess.com"]
[Source "ChessBase"]
[SourceQuality "1"]
[TimeControl "5400+30"]

1. Nf3 d5 2. g3 Nf6 3. Bg2 Bf5 4. c4 c6 5. Qb3 Qb6 6. d3 e6 7. Be3 (7. O-O {simplifies} Qxb3 8. axb3 h5 9. Be3) 7... dxc4 8. dxc4 Qxb3 9. axb3 a6 10. Nc3 Nbd7 11. O-O Be7 12. h3 O-O 13. g4 Bg6 14. Nd2 Rad8 15. f4 h6 16. Kf2 Bb4 17. Nde4 {[%emt 0:26:01] Prevents Nc5} (17. Na2 $11 Bxd2 18. Bxd2) 17... Nxe4+ $15 18. Nxe4 f5 19. gxf5 Bxf5 {[%emt 0:00:25] ...e5 is the strong threat.} 20. Rad1 e5 {[%emt 0:10:37] aiming for ...exf4.} 21. Kg3 Rde8 {[%emt 0:05:38] [#] Threatens to win with ...Bxe4.} 22. fxe5 $1 Nxe5 23. Bc5 $1 Bxc5 24. Nxc5 b6 25. Ne4 Ng6 (25... Bxe4 {simplifies} 26. Bxe4 Rxf1 27. Rxf1 Re7) 26. Nd6 Re3+ 27. Rf3 Rxf3+ 28. Bxf3 Bd7 29. c5 bxc5 30. Ne4 Ne5 31. Nxc5 Bf5 32. Bg2 Rb8 33. Rc1 ({Much weaker is} 33. Nxa6 Rxb3+ 34. Kf4 Ng6+ 35. Kxf5 Nh4+ 36. Ke5 Nxg2 $11) (33. e4 $14 {feels stronger.} Bg6 34. Bf1) 33... Kf7 (33... g5 $11) 34. e4 ({White should play} 34. Rf1 $1 $14 Kg6 35. e4) 34... Be6 35. Rc3 a5 36. Bf1 Rb4 37. Be2 g5 38. h4 Ke7 39. hxg5 hxg5 40. Kf2 a4 41. bxa4 Rxb2 {[%emt 0:03:47] Weighted Error Value: White=0.14 (very precise) /Black=0.14 (very precise) .  Mistake:       	White=3     	Black=1      Inaccurate:     	White=4     	Black=9      OK:         	White=10    	Black=14     Best:        	White=2     	Black=1      Strong:       	White=2     	---} 1/2-1/2